 Dungeon Crawl Stone Soup version 0.23.2-40-g277498a001 (webtiles) character file.

Game seed: 7023164857581691863

5755 OrcJesus the Covert (level 10, -4/76 HPs)
             Began as a Demonspawn Wanderer on Sept 5, 2019.
             Was an Initiate of Gozag.
             Killed from afar by a starcursed mass (5 damage)
             ... with an accursed screaming
             ... on level 2 of the Abyss on Sept 6, 2019.
             The game lasted 00:48:33 (10714 turns).

OrcJesus the Covert (Demonspawn Wanderer)          Turns: 10714, Time: 00:48:34

Health: -4/76      AC:  6    Str: 15      XL:     10   Next: 49%
Magic:  21/22      EV: 21    Int: 21 (22) God:    Gozag
Gold:   824        SH: 11    Dex: 20      Spells: 11/13 levels left

rFire    + . .     SeeInvis +   I - +2 dagger (venom)
rCold    + + .     Gourm    .   J - +1 buckler of the Clam {+Blink}
rNeg     . . .     Faith    .   c - +0 robe
rPois    +         Spirit   .   z - +1 helmet {SInv}
rElec    +         Reflect  .   G - +0 cloak
rCorr    +         Harm     .   f - +0 pair of gloves
MR       .....                  (no boots)
Stlth    ++++++++..             n - amulet of regeneration
HPRegen  0.62/turn              p - ring of protection from cold
MPRegen  0.18/turn              y - ring of magical power

@: mighty, brilliant, agile, resistant, gold aura, hasted, studying Long Blades,
very quick
A: talons 1, large bone plates 1, demonic guardian 2, nightstalker 3
a: Potion Petition, Call Merchant, Bribe Branch, Renounce Religion, Evoke Blink


You were on level 2 of the Abyss.
You worshipped Gozag.
Gozag was pleased with you.
You were very hungry.

You visited 2 branches of the dungeon, and saw 11 of its levels.
You visited the Abyss 1 time.
You also visited: Ossuary.

You collected 1739 gold pieces.
You spent 258 gold pieces at shops.
You paid 657 gold pieces to Gozag.

Inventory:

Hand Weapons
 a - a +2 falchion
 b - a +0 dagger of protection
 w - a +3 dagger
 E - a +4 demon whip of flaming
 I - a +2 dagger of venom (weapon)
Armour
 c - a +0 robe (worn)
 f - a +0 pair of gloves (worn)
 z - a +1 helmet of see invisible (worn)
 G - a +0 cloak (worn)
 H - a +0 large shield
 J - the +1 buckler of the Clam (worn) {+Blink}
   (You bought it in a shop on level 7 of the Dungeon)

   It lets you blink.
Jewellery
 n - an amulet of regeneration (around neck)
 p - a ring of protection from cold (left hand)
 r - an uncursed amulet of harm
 y - a ring of magical power (right hand)
Wands
 h - a wand of scattershot (2)
 B - a wand of iceblast (9)
 C - a wand of flame (13)
 L - a wand of digging (6)
 O - a wand of disintegration (15)
Scrolls
 i - 2 scrolls of blinking
 k - 6 scrolls of remove curse
 o - 2 scrolls of amnesia
 q - 2 scrolls of enchant armour
 v - a scroll of vulnerability
 A - a scroll of fear
 F - 7 scrolls of fog
 K - 2 scrolls of teleportation {unknown}
Potions
 e - 2 potions of flight
 g - 4 potions of degeneration {unknown}
 j - a potion of lignification {unknown}
 l - 7 potions of haste {unknown}
 m - 2 potions of mutation {unknown}
 s - 3 potions of might
 t - 10 potions of curing
 u - a potion of resistance
 x - 2 potions of berserk rage {unknown}
 D - a potion of brilliance {unknown}
 N - a potion of heal wounds {unknown}
Books
 M - a manual of Long Blades
Comestibles
 d - 21 rations


   Skills:
 - Level 6.0 Fighting
 - Level 6.4(7.6) Short Blades
 * Level 6.1(7.4) Long Blades
 - Level 5.0 Dodging
 * Level 8.3 Stealth
 - Level 4.0 Shields
 + Level 2.4 Spellcasting
 * Level 3.3 Hexes
   Level 1.0 Translocations
   Level 1.0 Ice Magic


You had 11 spell levels left.
You knew the following spells:

 Your Spells              Type           Power        Failure   Level  Hunger
w - Summon Butterflies    Summ           ###.....     1%          1    None
C - Confusing Touch       Hex            ####..       1%          1    None

Your spell library contained the following spells:

 Spells                   Type           Power        Failure   Level  Hunger
 Animate Skeleton         Necr           N/A          1%          1    None
 Apportation              Tloc           ###...       1%          1    None
 Flame Tongue             Conj/Fire      ###..        1%          1    None
 Magic Dart               Conj           ###.         1%          1    None
 Summon Small Mammal      Summ           ###.         1%          1    None
 Searing Ray              Conj           ###...       2%          2    ##.....
 Throw Flame              Conj/Fire      ###...       2%          2    ##.....
 Dazzling Spray           Conj/Hex       ###...       2%          3    ###....
 Inner Flame              Hex/Fire       ###.....     2%          3    ###....
 Conjure Flame            Conj/Fire      ###.....     4%          3    ###....
 Fulminant Prism          Conj/Hex       ###.......   8%          4    ####...
 Force Lance              Conj/Tloc      ###.....     13%         4    ####...
 Iskenderun's Mystic Bla  Conj           ###.....     14%         4    ####...
 Sticky Flame             Conj/Fire      ###.....     14%         4    ####...
 Summon Lightning Spire   Summ/Air       ###.....     14%         4    ####...
 Fireball                 Conj/Fire      ###.......   34%         5    ######.
 Spellforged Servitor     Conj/Summ      ###.......   100%        7    #######
 Summon Hydra             Summ           ###.......   100%        7    #######


Dungeon Overview and Level Annotations

Branches:
Dungeon (10/15)            Temple (1/1) D:5
   Lair: D:8-11         Orc: D:9-12

Altars:
Ashenzari
Cheibriados
Dithmenos
Elyvilon
Fedhas
Gozag
Hepliaklqana
Kikubaaqudgha
Makhleb
Nemelex Xobeh
Okawaru
Qazlal
Ru
Sif Muna
Trog
Uskayaw
Vehumet
Wu Jian
Xom
Yredelemnul
Zin
The Shining One

Shops:
D:7 [   D:9 }

Annotations:
D:9 nothing, 1 exclusion
D:10 Sonja


Innate Abilities, Weirdness & Mutations

You have sharp toenails.
You are partially covered in large bone plates. (SH +4)
A demonic guardian rushes to your aid.
You are completely attuned to the shadows.


Message History

The starcursed mass barely misses your soul eater.
You hit the large abomination.
You claw the large abomination, but do no damage.
The large abomination is heavily damaged.
A starcursed mass comes into view.
The large abomination hits you!!
* * * LOW HITPOINT WARNING * * *
Your soul eater hits the ynoxinul!!
The ynoxinul dies! [a] - 0 gold - resistance, flight, agility and invisibility [b] - 0 gold - haste, brilliance, resistance, might and agility [c] - 0 gold - haste and resistance Purchase which effect?
You feel yourself speed up.
You feel clever all of a sudden.
You feel protected.
You feel very mighty all of a sudden.
You feel agile all of a sudden.
A starcursed mass splits.
A chorus of shrieks assaults your mind.
You die...
Your body crumbles into a pile of gold.

# ## # . # #
.####. .#. #
. ..#.#.(.
#.. ..# . .
..
##X.#.3#...#
# ##.
.§XX...#..#.
. #
#33#..... #.
.. ..).#X#.#
. #.#
...#.#@.## #
. . .
3###..#. # .
##..# #..##
..### ###
#.# #.


You could see 3 starcursed masses, a large abomination (confused), a neqoxec and
a friendly soul eater.

Vanquished Creatures
  A two-headed ogre (D:9)
  An orange demon (Abyss:2)
  Sigmund (D:2)
  A wyvern (D:10)
  A neqoxec (Abyss:2)
  2 orc warriors
  2 sky beasts
  A phantom (D:6)
  4 ogres
  A centaur (D:9)
  An elf zombie (Ossuary)
  6 bullfrogs
  A big kobold (D:9)
  A gnoll sergeant (D:9)
  3 scorpions
  5 killer bees
  3 howler monkeys
  4 wights (D:8)
  A crimson imp (D:5)
  A quasit (Abyss:2)
  2 bullfrog zombies
  3 orc priests
  An iron imp (Abyss:2)
  3 jellies
  6 orc wizards
  A bullfrog skeleton (D:8)
  2 iguanas
  6 worker ants
  A big kobold zombie (Ossuary)
  A hound zombie (D:6)
  A hound skeleton (D:5)
  Robin (D:3)
  13 adders
  9 gnolls
  A shadow imp (D:8)
  A white imp (Abyss:2)
  3 worms
  An adder skeleton (D:8)
  4 dart slugs
  4 leopard geckos
  9 orcs
  3 bats
  2 giant cockroaches
  14 hobgoblins
  15 jackals
  4 quokkas
  A ball python (D:3)
  8 frilled lizards
  16 goblins
  5 hobgoblin zombies (Ossuary)
  2 jackal zombies
  12 kobolds
  9 kobold zombies (Ossuary)
  2 leopard gecko skeletons (D:5)
  7 orc zombies (Ossuary)
  A quokka skeleton (D:5)
  2 quokka zombies (D:6)
  4 rats (D:1)
  A rat zombie (D:6)
222 creatures vanquished.

Vanquished Creatures (collateral kills)
  The ghost of dvd2 the Stinger, a novice DsVM of Vehumet (D:6)
  A hippogriff (D:5)
  2 ynoxinuls (Abyss:2)
  Menkaure (D:5)
  An orc warrior (D:7)
  An ogre (D:5)
  A big kobold (D:7)
  4 elf zombies (Ossuary)
  A scorpion (D:5)
  8 killer bees
  A crimson imp (D:5)
  A quasit (Abyss:2)
  A human zombie (Ossuary)
  An orc wizard (D:4)
  An iguana (D:5)
  2 mummies (Ossuary)
  2 gnolls (D:4)
  An adder (D:5)
  An ooze (D:5)
  2 adder zombies (Ossuary)
  3 orcs
  2 hobgoblin zombies (Ossuary)
  3 kobold zombies (Ossuary)
  A rat zombie (Ossuary)
43 creatures vanquished.

Vanquished Creatures (others)
  An adder skeleton (D:8)
1 creature vanquished.

Grand Total: 266 creatures vanquished

Notes
Turn   | Place    | Note
-------+----------+-------------------------------------------
     0 | D:1      | OrcJesus the Demonspawn Wanderer began the quest for the
                  | Orb.
     0 | D:1      | OrcJesus set off with the following items: a +2 falchion, a
                  | potion of curing, a +0 robe, a ration
     0 | D:1      | Reached XP level 1. HP: 15/15 MP: 2/2
   173 | D:1      | Gained mutation: You are slightly more attuned to the
                  | shadows. [demonic ancestry]
   173 | D:1      | Reached XP level 2. HP: 21/21 MP: 3/3
  1087 | D:1      | Gained mutation: You are significantly more attuned to the
                  | shadows. [demonic ancestry]
  1087 | D:1      | Reached XP level 3. HP: 24/27 MP: 4/4
  1660 | D:2      | Reached skill level 1 in Dodging
  1739 | D:2      | Noticed Sigmund
  1751 | D:2      | Killed Sigmund
  1751 | D:2      | Reached skill level 2 in Stealth
  1751 | D:2      | Gained mutation: A weak demonic guardian rushes to your
                  | aid. [demonic ancestry]
  1751 | D:2      | Reached XP level 4. HP: 28/34 MP: 5/5
  1751 | D:2      | Gained mutation: You are partially covered in large bone
                  | plates. (SH +4) [demonic ancestry]
  1751 | D:2      | Reached XP level 5. HP: 32/39 MP: 6/6
  2290 | D:3      | Noticed Robin
  2307 | D:3      | Killed Robin
  2390 | D:3      | Found a basalt altar of Yredelemnul.
  2768 | D:3      | Reached XP level 6. HP: 46/46 MP: 7/7
  3807 | D:4      | Reached skill level 3 in Stealth
  3963 | D:4      | Found a burning altar of Makhleb.
  4021 | D:4      | Reached skill level 1 in Short Blades
  4032 | D:4      | Gained mutation: A demonic guardian rushes to your aid.
                  | [demonic ancestry]
  4032 | D:4      | Reached XP level 7. HP: 33/52 MP: 8/8
  4171 | D:5      | Entered Level 5 of the Dungeon
  4171 | D:5      | Found a deep blue altar of Sif Muna.
  4229 | D:5      | Noticed a hippogriff
  4239 | D:5      | Killed a hippogriff
  4305 | D:5      | Found a glowing golden altar of the Shining One.
  4332 | D:5      | Reached skill level 4 in Stealth
  4378 | D:5      | Found a staircase to the Ecumenical Temple.
  4383 | Temple   | Entered the Ecumenical Temple
  4459 | Temple   | Became a worshipper of Gozag Ym Sagoz the Greedy
  4622 | D:5      | Noticed Menkaure
  4630 | D:5      | Killed Menkaure
  4765 | D:5      | Gained mutation: You are completely attuned to the shadows.
                  | [demonic ancestry]
  4765 | D:5      | Reached XP level 8. HP: 10/60 MP: 9/9
  4997 | D:5      | Found a shadowy altar of Dithmenos.
  5009 | D:5      | Reached skill level 5 in Stealth
  5092 | D:5      | Found a stormy altar of Qazlal.
  5344 | D:6      | Found a sand-covered staircase.
  5350 | Ossuary  | Entered an ossuary
  5972 | D:6      | Reached skill level 6 in Stealth
  5994 | D:6      | Found a runed translucent door.
  5994 | D:6      | Noticed dvd2's ghost (novice DsVM)
  6020 | D:6      | Killed dvd2's ghost
  6020 | D:6      | Reached skill level 5 in Fighting
  6020 | D:6      | Reached XP level 9. HP: 39/68 MP: 10/10
  6175 | D:6      | Reached skill level 5 in Short Blades
  6580 | D:6      | Found an ornate altar of the Wu Jian Council.
  8046 | D:7      | Reached skill level 7 in Stealth
  8375 | D:7      | Found an iron altar of Okawaru.
  8646 | D:8      | Noticed an angel
  8662 | D:8      | Found a glowing silver altar of Zin.
  8921 | D:8      | Found a hide-covered altar of Uskayaw.
  8990 | D:8      | Learned a level 1 spell: Confusing Touch
  8994 | D:8      | Identified the Almanac of the Entourage
  8998 | D:8      | Learned a level 1 spell: Summon Butterflies
  9059 | D:7      | Bought the +1 buckler of the Clam {+Blink} for 258 gold
                  | pieces
  9326 | D:8      | Found a sparkling altar of Nemelex Xobeh.
  9379 | D:8      | Found a shimmering altar of Xom.
  9505 | D:8      | Reached skill level 5 in Dodging
  9505 | D:8      | Reached skill level 1 in Hexes
  9641 | D:9      | Noticed a two-headed ogre
  9651 | D:9      | Killed a two-headed ogre
  9651 | D:9      | Gained mutation: You have sharp toenails. [demonic
                  | ancestry]
  9651 | D:9      | Reached XP level 10. HP: 59/76 MP: 12/12
  9873 | D:9      | Reached skill level 5 in Long Blades
  9890 | D:9      | Found Josi's Gadget Shoppe.
 10148 | D:9      | Found an iron altar of Okawaru.
 10351 | D:10     | Entered Level 10 of the Dungeon
 10498 | D:10     | Reached skill level 8 in Stealth
 10520 | D:10     | Noticed Sonja
 10526 | D:10     | Cast into level 2 of the Abyss (Sonja)
 10607 | Abyss:2  | Noticed an orange demon
 10612 | Abyss:2  | Killed an orange demon
 10695 | Abyss:2  | Noticed a large abomination
 10710 | Abyss:2  | Noticed a starcursed mass
 10713 | Abyss:2  | Noticed a starcursed mass
 10713 | Abyss:2  | HP: 1/76 [large abomination (33)]
 10714 | Abyss:2  | Killed from afar by a starcursed mass

Skill      XL: |  1  2  3  4  5  6  7  8  9 10 |
---------------+-------------------------------+-----
Long Blades    | 3 4 6 |  6.1
Dodging        | 1 2 3 4 5 |  5.0
Fighting       | 2 3 4 5 6 |  6.0
Stealth        | 2 3 4 6 7 8 |  8.3
Short Blades   | 1 3 4 6 |  6.4
Shields        | 3 4 |  4.0
Hexes          | 1 3 |  3.3
Spellcasting   | 2 |  2.4
Translocations | |  1.0
Ice Magic      | |  1.0

Action                   |  1- 3 |  4- 6 |  7- 9 | 10-12 || total
-------------------------+-------+-------+-------+-------++-------
Melee: Falchion          |    98 |   158 |       |       ||   256
       Dagger            |     1 |    51 |   591 |   103 ||   746
       Kick              |       |       |       |    30 ||    30
 Cast: Confusing Touch   |       |       |     3 |    10 ||    13
Invok: Call Merchant     |       |       |     1 |       ||     1
       Potion Petition   |       |       |       |     1 ||     1
Evoke: Wand              |       |       |     1 |       ||     1
  Use: Scroll            |       |       |    10 |     3 ||    13
       Potion            |       |       |     1 |       ||     1
 Stab: Sleeping          |    11 |    11 |    39 |    14 ||    75
       Confused          |       |       |     3 |     2 ||     5
       Distracted        |       |       |     2 |     2 ||     4
  Eat: Chunk             |     3 |     7 |     4 |       ||    14
       Ration            |       |       |     4 |     1 ||     5
Armor: Robe              |     9 |    33 |    92 |    17 ||   151
Dodge: Dodged            |    62 |   101 |   247 |    42 ||   452
Block: Other             |       |    27 |    56 |       ||    83
       Large shield      |       |       |   180 |       ||   180
       Buckler           |       |       |     9 |    42 ||    51
       Rpst.: Falchion   |    21 |    21 |       |       ||    42
